 Dungeon Crawl Stone Soup version 0.23.2 (webtiles) character file.

Game seed: 358314659898938490

4342 PentaManta the Impaler (level 10, -2/81 (83) HPs)
             Began as a Merfolk Monk on Apr 3, 2019.
             Was a Believer of Ru.
             Killed by divine providence
             ... invoked by an orc priest
             ... summoned by an orc knight
              (13 damage)
             ... in a bailey.
             The game lasted 00:33:43 (12277 turns).

PentaManta the Impaler (Merfolk Monk)              Turns: 12277, Time: 00:33:43

HP:   -2/81 (83)    AC:  9    Str: 13    XL:     10   Next: 33%
MP:   10/10         EV: 20    Int:  8    God:    Ru [**....]
Gold: 391           SH:  0    Dex: 20    Spells: 9/9 levels left

rFire    . . .     SeeInvis .   o - +4 trident
rCold    . . .     Gourm    .   (no shield)
rNeg     . . .     Faith    .   p - +0 leather armour
rPois    .         Spirit   .   u - +2 helmet
rElec    .         Reflect  .   (no cloak)
rCorr    .         Harm     .   w - +1 pair of gloves
MR       .....                  (no boots)
Stlth    ++........             (no amulet)
HPRegen  0.23/turn              (no ring)
MPRegen  0.12/turn              (no ring)

@: flying, very slightly contaminated
A: change form in water, swift swim, stealthy swim, deterioration 1, dopey 1,
shaggy fur 1, strong 1, inexperienced 1
a: Renounce Religion


You were in a bailey.
You worshipped Ru.
Ru was pleased with you.
You were not hungry.

You visited 2 branches of the dungeon, and saw 10 of its levels.
You also visited: Bailey.

You collected 391 gold pieces.

Inventory:

Hand Weapons
 d - a +2 bardiche of flaming
 o - a +4 trident (weapon)
Missiles
 s - 3 tomahawks (quivered)
Armour
 p - a +0 leather armour (worn)
 u - a +2 helmet (worn)
 w - a +1 pair of gloves (worn)
Jewellery
 b - an uncursed ring of fire
Scrolls
 a - a scroll of remove curse
 f - a scroll of enchant weapon
 g - a scroll of fog
 n - 2 scrolls of blinking
Potions
 q - a potion of cancellation
 r - a potion of mutation
Comestibles
 c - 6 rations


   Skills:
 + Level 9.4 Fighting
 * Level 15.6 Polearms
 + Level 11.0 Dodging
 - Level 2.1 Stealth


You had 9 spell levels left.
You didn't know any spells.
Your spell library contained the following spells:

 Spells                   Type           Power        Failure   Level  Hunger
 Animate Skeleton         Necr           N/A          50%         1    ##.....
 Apportation              Tloc           #.....       50%         1    ##.....
 Confusing Touch          Hex            #.....       50%         1    ##.....
 Magic Dart               Conj           #...         50%         1    ##.....
 Pain                     Necr           #...         50%         1    ##.....
 Summon Small Mammal      Summ           #...         50%         1    ##.....
 Blink                    Tloc           N/A          63%         2    ###....
 Call Imp                 Summ           #.......     63%         2    ###....
 Slow                     Hex            #.......     63%         2    ###....
 Confuse                  Hex            #.......     86%         3    ####...
 Conjure Flame            Conj/Fire      #.......     86%         3    ####...
 Gell's Gravitas          Tloc           #.........   86%         3    ####...
 Mephitic Cloud           Conj/Pois/Air  #.......     86%         3    ####...
 Regeneration             Chrm/Necr      #.........   86%         3    ####...
 Vampiric Draining        Necr           #.........   86%         3    ####...
 Animate Dead             Necr           N/A          99%         4    #####..
 Petrify                  Tmut/Erth      #.......     99%         4    #####..
 Metabolic Englaciation   Hex/Ice        #.........   100%        5    ######.
 Yara's Violent Unravell  Hex/Tmut       #.........   100%        5    ######.


Dungeon Overview and Level Annotations

Branches:
Dungeon (9/15)             Temple (1/1) D:5
   Lair: D:8-11         Orc: D:9-12

Altars:
Ashenzari
Cheibriados
Dithmenos
Elyvilon
Fedhas
Gozag
Hepliaklqana
Kikubaaqudgha
Makhleb
Nemelex Xobeh
Okawaru
Qazlal
Ru
Sif Muna
Trog
Uskayaw
Vehumet
Wu Jian
Xom
Yredelemnul
Zin
The Shining One


Innate Abilities, Weirdness & Mutations

You revert to your normal form in water You are very nimble and swift while swimming.
You are very stealthy in the water. (Stealth+)
You are dopey. (Int -2)
You are somewhat inexperienced. (-2 XL)
Your body sometimes deteriorates upon taking damage.
You are covered in fur. (AC +1)
Your muscles are strong. (Str +2)


Message History

The orc hits you but does no damage.
The orc knight roars a battlecry!
The orc warrior goes into a battle-frenzy!
The gnoll barely misses you. The gnoll misses you. The gnoll barely misses you.
The orc warrior hits you but does no damage.
The gnoll closely misses you. The gnoll completely misses you.
The orc misses you. The orc knight closely misses you.
The orc completely misses you.
The orc knight hits you from afar with a +0 glaive!
* * * LOW HITPOINT WARNING * * *
The gnoll hits you with a cursed -1 halberd.
* * * LOW HITPOINT WARNING * * *
The orc hits you but does no damage. The gnoll barely misses you. x2
Blink to where?
Press: ? - help, Dir - move target cursor, p - orc knight You are very lightly contaminated with residual magic.
As you read the scroll of blinking, it crumbles to dust.
The orc priest calls down the wrath of Beogh upon you.
Beogh smites you!
You die...

#goo§...#
#.gog...#
#..§§...#
##.gog.##
###'###
#...#
#...#
#.).#
#÷@)#
###'###
##.)÷).##
#.......#
#.......#
#.......#
#.)o))).#
#.)..)..#
#..)....#


You could see an orc knight, 2 orc priests and 3 gnolls.

Vanquished Creatures
  Harold (D:7)
  A two-headed ogre (D:8)
  Joseph (D:7)
  A komodo dragon (shapeshifter) (D:7)
  Eustachio (D:6)
  Edmund (D:6)
  5 orc warriors
  2 phantoms
  6 necrophages
  4 sky beasts
  2 ogres
  2 centaurs
  2 bullfrogs
  2 scorpions
  6 killer bees
  7 wights
  A howler monkey (D:4)
  A crimson imp (D:8)
  A centaur zombie (D:7)
  6 orc priests
  3 hounds
  3 jellies
  10 orc wizards
  3 iguanas
  3 worker ants
  A hound skeleton (D:2)
  A worker ant zombie (D:5)
  A howler monkey skeleton (D:6)
  8 adders
  4 shadow imps
  An ooze (D:2)
  3 adder zombies (D:7)
  3 adder skeletons (D:4)
  A worm (D:5)
  2 dart slugs
  4 leopard geckos
  58 orcs
  A ball python (D:1)
  4 giant cockroaches
  6 hobgoblins
  14 jackals
  5 quokkas
  6 bats
  3 frilled lizards
  A jackal zombie (D:9)
  3 kobolds (D:1)
  2 leopard gecko skeletons
  A leopard gecko zombie (D:8)
  A quokka skeleton (D:7)
  2 quokka zombies
  10 rats
  A bush (D:7)
222 creatures vanquished.

Vanquished Creatures (others)
  A bullfrog (D:7)
  A jackal (D:7)
  2 fungi (D:5)
  2 plants (D:7)
6 creatures vanquished.

Grand Total: 228 creatures vanquished

Notes
Turn   | Place    | Note
-------+----------+-------------------------------------------
     0 | D:1      | PentaManta the Merfolk Monk began the quest for the Orb.
     0 | D:1      | Reached XP level 1. HP: 18/18 MP: 1/1
   158 | D:1      | Reached XP level 2. HP: 17/24 MP: 2/2
   327 | D:1      | You fall through a shaft!
   490 | D:1      | Reached skill level 5 in Polearms
   854 | D:2      | Reached XP level 3. HP: 16/29 MP: 3/3
   995 | D:2      | Found an ancient bone altar of Kikubaaqudgha.
  1378 | D:2      | Reached XP level 4. HP: 30/37 MP: 4/4
  1998 | D:3      | Noticed a moth of wrath
  2000 | D:3      | Found a bloodstained altar of Trog.
  2134 | D:3      | Reached skill level 6 in Polearms
  2808 | D:3      | Reached skill level 5 in Dodging
  3123 | D:3      | Gained mutation: Scrolls take you a little longer to read.
                  | [potion of mutation]
  3123 | D:3      | Gained mutation: Armour fits poorly on your strangely
                  | shaped body. [potion of mutation]
  3123 | D:3      | Gained mutation: You are resistant to hostile enchantments.
                  | (MR+) [potion of mutation]
  3130 | D:3      | Reached XP level 5. HP: 16/42 MP: 5/5
  3411 | D:3      | Lost mutation: Armour fits poorly on your strangely shaped
                  | body. [potion of mutation]
  3411 | D:3      | Lost mutation: Scrolls take you a little longer to read.
                  | [potion of mutation]
  3411 | D:3      | Lost mutation: You are resistant to hostile enchantments.
                  | (MR+) [potion of mutation]
  3411 | D:3      | Gained mutation: You are covered in fur. (AC +1) [potion of
                  | mutation]
  3411 | D:3      | Gained mutation: Your body sometimes deteriorates upon
                  | taking damage. [potion of mutation]
  3411 | D:3      | Gained mutation: Your muscles are strong. (Str +2) [potion
                  | of mutation]
  3425 | D:3      | Reached skill level 7 in Polearms
  3529 | D:4      | Reached XP level 6. HP: 30/49 MP: 6/6
  4275 | D:5      | Entered Level 5 of the Dungeon
  4298 | D:5      | Noticed a phantom
  4478 | D:4      | Killed a phantom
  4478 | D:4      | Reached skill level 5 in Fighting
  4478 | D:4      | Reached skill level 8 in Polearms
  4478 | D:4      | Reached XP level 7. HP: 38/56 MP: 7/7
  4930 | D:5      | Reached skill level 9 in Polearms
  5335 | D:5      | Found a staircase to the Ecumenical Temple.
  5491 | Temple   | Entered the Ecumenical Temple
  5529 | Temple   | Became a worshipper of Ru the Awakened
  5545 | D:5      | Gained mutation: You are dopey. (Int -2) [Ru sacrifice]
  5662 | D:5      | Found a shadowy altar of Dithmenos.
  5810 | D:6      | Noticed Edmund
  5854 | D:6      | Killed Edmund
  5896 | D:6      | Found an opulent altar of Gozag.
  6047 | D:6      | Reached XP level 8. HP: 47/64 MP: 8/8
  6076 | D:6      | Noticed Eustachio
  6128 | D:6      | Killed Eustachio
  6128 | D:6      | Reached skill level 10 in Polearms
  6520 | D:6      | Reached skill level 11 in Polearms
  7422 | D:6      | Reached XP level 9. HP: 29/72 MP: 9/9
  7691 | D:6      | Reached skill level 12 in Polearms
  8279 | D:7      | Found a blossoming altar of Fedhas.
  8734 | D:7      | Gained mutation: You are somewhat inexperienced. (-2 XL)
                  | [Ru sacrifice]
  8734 | D:7      | Reached XP level 8. HP: 67/67 MP: 8/8
  8734 | D:7      | Reached XP level 7. HP: 60/60 MP: 7/7
  8734 | D:7      | Reached * piety under Ru
  8734 | D:7      | Reached ** piety under Ru
  8786 | D:7      | Noticed a hornet
  8787 | D:7      | Noticed a shapeshifter
  8787 | D:7      | a hornet changed into a shapeshifter
  8788 | D:7      | Noticed a rime drake
  8788 | D:7      | a shapeshifter changed into a rime drake
  8789 | D:7      | Noticed a shapeshifter
  8789 | D:7      | a rime drake changed into a shapeshifter
  8789 | D:7      | Noticed a wind drake
  8789 | D:7      | a shapeshifter changed into a wind drake
  8794 | D:7      | Noticed Harold
  8819 | D:7      | You fall through a shaft!
  8852 | D:8      | Identified a scroll of acquirement
  9155 | D:8      | Reached skill level 13 in Polearms
  9176 | D:8      | Reached XP level 8. HP: 67/68 MP: 8/8
  9399 | D:8      | Noticed a two-headed ogre
  9418 | D:8      | Killed a two-headed ogre
  9418 | D:8      | Reached skill level 14 in Polearms
  9418 | D:8      | Reached XP level 9. HP: 34/75 MP: 9/9
  9482 | D:8      | Reached skill level 10 in Dodging
 10592 | D:7      | Noticed a komodo dragon
 10596 | D:7      | Killed a komodo dragon
 10723 | D:7      | Found a sparkling altar of Nemelex Xobeh.
 10861 | D:7      | Killed Harold
 10861 | D:7      | Reached skill level 15 in Polearms
 10876 | D:7      | Noticed Joseph
 10887 | D:7      | Killed Joseph
 10887 | D:7      | Reached XP level 10. HP: 34/83 MP: 10/10
 11135 | D:7      | Found a basalt altar of Yredelemnul.
 11142 | D:7      | Found a shattered altar of Ashenzari.
 11855 | D:9      | Found an ornate altar of the Wu Jian Council.
 11878 | D:9      | Found a flagged portal.
 11889 | Bailey   | Entered a bailey
 12066 | Bailey   | Noticed an orc knight
 12248 | Bailey   | Noticed an orc knight
 12257 | Bailey   | Noticed an orc knight
 12277 | Bailey   | Killed from afar by an orc priest

Skill      XL: |  1  2  3  4  5  6  7  8  9 10 |
---------------+-------------------------------+-----
Polearms       | 5 6 7 8 13 14 15 | 15.6
Fighting       | 4 5 8 9 |  9.4
Dodging        | 5 6 7 8 10 11 | 11.0
Stealth        | |  2.1

Action                   |  1- 3 |  4- 6 |  7- 9 | 10-12 || total
-------------------------+-------+-------+-------+-------++-------
Melee: Spear             |   138 |    93 |       |       ||   231
       Trident           |       |   113 |   634 |    23 ||   770
       Bardiche          |       |       |    16 |   108 ||   124
Throw: Tomahawk          |       |     4 |       |       ||     4
       Throwing net      |       |       |     1 |     1 ||     2
Invok: Sacrifice Purity  |       |       |     1 |       ||     1
       Sacrifice Experie |       |       |     1 |       ||     1
       Reject Sacrifices |       |       |       |     1 ||     1
Evoke: Wand              |       |       |     4 |       ||     4
  Use: Potion            |       |     4 |     4 |     2 ||    10
       Scroll            |       |     9 |     6 |    10 ||    25
 Stab: Sleeping          |     6 |     3 |     7 |       ||    16
       Distracted        |       |       |     2 |       ||     2
       Invisible         |       |       |     1 |       ||     1
       Held in net/web   |       |       |     2 |     2 ||     4
  Eat: Chunk             |     1 |     6 |     7 |     2 ||    16
       Ration            |       |     1 |     4 |     1 ||     6
Armor: Robe              |    17 |       |       |       ||    17
       Leather armour    |       |    42 |    92 |    26 ||   160
       Skin              |       |       |   134 |       ||   134
Dodge: Dodged            |    68 |   129 |   328 |   126 ||   651
